 Dungeon Crawl Stone Soup version 0.28-b1-25-g9875b3fc8c (webtiles) character file.

Game seed: 8628413902512058840

531 cayde69 the Covered (level 7, -1/60 HPs)
             Began as a Hill Orc Fighter on Feb 1, 2022.
             Was an Initiate of Gozag.
             Slain by Edmund (12 damage)
             ... on level 4 of the Dungeon.
             The game lasted 00:12:50 (4581 turns).

cayde69 the Covered (Hill Orc Fighter)              Turns: 4581, Time: 00:12:51

Health: -1/60      AC: 11    Str: 21    XL:     7   Next: 24%
Magic:  7/7        EV:  9    Int:  8    God:    Gozag
Gold:   272        SH:  4    Dex: 10    Spells: 6/6 levels left

rFire   . . .      SeeInvis .   t - +2 falchion (vorpal)
rCold   + . .      Faith    .   c - +0 buckler
rNeg    . . .      Spirit   .   b - +0 scale mail
rPois   .          Reflect  .   (no helmet)
rElec   .          Harm     .   v - +0 cloak
rCorr   .          Rampage  .   (no gloves)
Will    .....                   k - +2 pair of boots
Stlth   ..........              (no amulet)
HPRegen 0.20/turn               d - ring of protection from cold
MPRegen 0.10/turn               (no ring)

@: no status effects
A: no striking features
a: Renounce Religion, Potion Petition, Call Merchant, Bribe Branch


You were on level 4 of the Dungeon.
You worshipped Gozag.
Gozag was aware of your devotion.
You visited 1 branch of the dungeon, and saw 5 of its levels.

You collected 296 gold pieces.
You paid 24 gold pieces to Gozag.

Inventory:

Hand Weapons
 a - a +0 war axe
 e - a +2 quarterstaff of chaos
 m - a +2 vorpal quarterstaff
 p - a +1 dagger of venom
 t - a +2 vorpal falchion (weapon)
 w - a +0 mace of holy wrath
Missiles
 i - 82 stones (quivered)
Armour
 b - a +0 scale mail (worn)
 c - a +0 buckler (worn)
 k - a +2 pair of boots (worn)
 q - a +0 ring mail
 v - a +0 cloak (worn)
Jewellery
 d - a ring of protection from cold (left hand)
Wands
 o - a wand of flame (17)
Scrolls
 g - a scroll of amnesia {unknown}
 j - a scroll of enchant weapon
 l - a scroll of brand weapon {unknown}
 n - a scroll of teleportation {unknown}
 u - a scroll of blinking {unknown}
Potions
 h - a potion of mutation {unknown}
 r - a potion of resistance {unknown}
 s - a potion of degeneration {unknown}
 x - a potion of attraction {unknown}


   Skills:
 + Level 4.9 Fighting
 * Level 4.9 Long Blades
 - Level 2.6 Axes
 + Level 5.3 Armour
 - Level 0.8 Dodging
 - Level 0.3 Stealth
 + Level 4.4 Shields


You had 6 spell levels left.
You didn't know any spells.
Your spell library contained the following spells:

 Spells                   Type           Power      Damage    Failure   Level
 Beastly Appendage        Tmut           0%         N/A       82%         1
 Magic Dart               Conj           0%         1d3       82%         1
 Call Imp                 Summ           0%         N/A       91%         2
 Mephitic Cloud           Conj/Pois/Air  0%         N/A       99%         3
 Conjure Ball Lightning   Conj/Air       0%         3x3d6     100%        6
 Discord                  Hex            0%         N/A       100%        8
 Disjunction              Tloc           0%         N/A       100%        8


Dungeon Overview and Level Annotations

Branches:
Dungeon (5/15)
 Temple: D:4-7

Altars:
Gozag
Makhleb

Annotations:
D:4 Edmund


Message History

Edmund closely misses you.
Edmund hits you with a +5 flail of protection.
You hit Edmund but do no damage.
Edmund is moderately wounded.
You block Edmund's attack.
You hit Edmund.
Edmund is heavily wounded.
Edmund hits you with a +5 flail of protection!
* * * LOW HITPOINT WARNING * * *
You feel better.
Edmund hits you with a +5 flail of protection.
* * * LOW HITPOINT WARNING * * *
You block Edmund's attack. Edmund barely misses you. You block Edmund's attack.
Edmund hits you with a +5 flail of protection.
* * * LOW HITPOINT WARNING * * *
Edmund says, "I'm quite good with sums, too."
Edmund hits you with a +5 flail of protection!
* * * LOW HITPOINT WARNING * * *
Edmund says, "You wouldn't believe how much I paid for this flail."
Edmund hits you with a +5 flail of protection.
* * * LOW HITPOINT WARNING * * *
You feel better. Edmund closely misses you.
There is a stone staircase leading up here.
You can't go down here!
Edmund closely misses you.
You climb upwards.
There is a stone staircase leading down here.
You feel better. You block Edmund's attack.
You hit Edmund.
Edmund is heavily wounded.
Edmund hits you with a +5 flail of protection.
You hit Edmund.
Edmund is heavily wounded.
Edmund hits you with a +5 flail of protection!
* * * LOW HITPOINT WARNING * * *
Edmund hits you with a +5 flail of protection!
You die...
Your body crumbles into a pile of gold.

#.# #..........#
###############.#
#..........#
##....)........#.#
###..........#
...............#.#
#............#
##..........##...#
#.#..........#
#..........###..#
#.##.....#####
#..........# #..#
#.##.#####....
#..........###..# #.##.#
###.## #..........##.@@#
#.##.# #.....
#############.#####.##.#
#.##.# #.#.....##.#
#.....
#.####.###.######### #.#
#.# #.......... #.# #.#
########### #.# #.# #.#
#.# #.# #.#


You could see Edmund.

Vanquished Creatures
  Eustachio (D:5)
  A phantom (D:4)
  2 scorpions
  Crazy Yiuf (D:4)
  Jessica (D:2)
  An iguana (D:4)
  Robin (D:4)
  3 adders
  2 adder skeletons
  2 dart slugs
  9 ball pythons
  7 bats
  5 endoplasms
  15 goblins
  7 hobgoblins
  7 kobolds
  2 quokkas
  2 frilled lizards (D:1)
  11 rats
80 creatures vanquished.

Vanquished Creatures (others)
  A fungus (D:2)
1 creature vanquished.

Grand Total: 81 creatures vanquished

Notes
Turn   | Place    | Note
-------+----------+-------------------------------------------
     0 | D:1      | cayde69 the Hill Orc Fighter began the quest for the Orb.
     0 | D:1      | Reached XP level 1. HP: 19/19 MP: 1/1
     4 | D:1      | Noticed an elephant
     7 | D:1      | Noticed a death yak
   194 | D:1      | Reached XP level 2. HP: 27/27 MP: 2/2
   795 | D:2      | Reached XP level 3. HP: 26/33 MP: 3/3
  1038 | D:2      | Found a faded altar of an unknown god.
  1047 | D:2      | Got Plato's Almanac of Transmigration
  1203 | D:2      | Reached skill level 4 in Armour
  1347 | D:2      | Noticed Jessica
  1350 | D:2      | Killed Jessica
  1351 | D:2      | Reached XP level 4. HP: 31/40 MP: 4/4
  1857 | D:3      | Found a burning altar of Makhleb.
  2564 | D:3      | Found an opulent altar of Gozag.
  2601 | D:3      | Became a worshipper of Gozag Ym Sagoz the Greedy
  2627 | D:4      | Noticed Robin
  2869 | D:4      | Reached XP level 5. HP: 47/47 MP: 5/5
  2885 | D:4      | Killed Robin
  2943 | D:4      | Reached skill level 1 in Long Blades
  3276 | D:4      | Noticed a phantom
  3306 | D:4      | Killed a phantom
  3307 | D:4      | Reached skill level 5 in Armour
  3307 | D:4      | Reached XP level 6. HP: 46/53 MP: 6/6
  3496 | D:4      | Found a runed translucent door.
  3497 | D:4      | Noticed Crazy Yiuf
  3972 | D:4      | Killed Crazy Yiuf
  4119 | D:5      | Entered Level 5 of the Dungeon
  4119 | D:5      | Noticed Eustachio
  4173 | D:5      | Killed Eustachio
  4174 | D:5      | Reached XP level 7. HP: 31/60 MP: 7/7
  4515 | D:5      | Noticed Edmund
  4581 | D:4      | Slain by Edmund

Illustrated notes

Levels and vault maps discovered:
D:1:      sevenhm_arrival_forest_fort_small_2, layout_loops_ring,
          minmay_pentomino_o2
D:2:      layout_loops_ring, shapermc_ecumenical_altar_rom_forum,
          chequers_serial_rivers_micro_e, solitary_fountain,
          minmay_misc_feat_ornament, uniq_jessica
D:3:      layout_basic, mainiacjoe_overflow_tiny_flanked,
          nicolae_gozag_cash_rules_everything_around_me
D:4:      layout_basic, uniq_robin, uniq_crazy_yiuf_cottage
D:5:      layout_cave_pods, kennysheep_little_box, led_sif_pool, serial_park,
          serial_park_fountain, serial_park_tiny_1, serial_park_square1
          [serial_park_minivault_5x5_2], serial_park_gazebo
          [serial_park_minivault_5x5_2], serial_park_tiny_pond, uniq_eustachio,
          uniq_edmund

Skill      XL: |  1  2  3  4  5  6 |
---------------+-------------------+-----
Fighting       | 4 |  4.9
Armour         | 4 5 |  5.3
Shields        | 4 |  4.4
Long Blades    | 2 4 |  4.9
Axes           | |  2.6
Dodging        | |  0.8
Stealth        | |  0.3

Action                   |  1- 3 |  4- 6 |  7- 9 || total
-------------------------+-------+-------+-------++-------
Melee: War axe           |    98 |    50 |       ||   148
       Falchion          |       |   115 |    24 ||   139
Evoke: Wand              |       |     1 |       ||     1
  Use: Potion            |       |     2 |     3 ||     5
       Scroll            |       |     2 |       ||     2
 Stab: Distracted        |       |     1 |       ||     1
Armor: Scale mail        |    59 |   110 |     4 ||   173
Dodge: Dodged            |    58 |    85 |    10 ||   153
Block: Buckler           |    21 |    32 |     7 ||    60
